 Dungeon Crawl Stone Soup version 0.25.1-8-g42b30a86e7 (webtiles) character file.

Game seed: 9740325431847047104

6069 hawla the Cruncher (level 10, -1/69 HPs)
             Began as a Purple Draconian Conjurer on Dec 11, 2020.
             Was a Follower of Vehumet.
             Killed from afar by a deep elf mage (17 damage)
             ... with a bolt of cold
             ... on level 9 of the Dungeon.
             The game lasted 00:34:13 (11760 turns).

hawla the Cruncher (Purple Draconian Conjurer)     Turns: 11760, Time: 00:34:14

Health: -1/69      AC:  9    Str: 11    XL:     10   Next: 57%
Magic:  2/17       EV: 12    Int: 19    God:    Vehumet [*.....]
Gold:   530        SH:  5    Dex: 11    Spells: 12/19 levels left

rFire    . . .     SeeInvis .   c - +4 quarterstaff (chaos)
rCold    . . .     Gourm    .   (shield currently unavailable)
rNeg     . . .     Faith    .   (armour unavailable)
rPois    .         Spirit   .   (helmet restricted)
rElec    .         Reflect  +   g - +0 cloak
rCorr    .         Harm     .   (no gloves)
MR       +....     Rnd*Tele +   s - +0 pair of boots
Stlth    ++........             l - amulet of reflection
HPRegen  0.21/turn              m - ring of teleportation (curse)
MPRegen  0.15/turn              (no ring)

@: very slightly contaminated, invisible
A: breathe power, unfitting armour, cold-blooded, AC +7
a: Breathe Dispelling Energy, Renounce Religion


You were on level 9 of the Dungeon.
You worshipped Vehumet.
Vehumet was aware of your devotion.
You were hungry.

You visited 2 branches of the dungeon, and saw 11 of its levels.
You also visited: Ossuary.

You collected 530 gold pieces.

Inventory:

Hand Weapons
 c - a +4 quarterstaff of chaos (weapon)
 v - a +1 quarterstaff
Missiles
 j - 5 curare-tipped darts (quivered)
 k - 60 poisoned darts
 x - 3 boomerangs
Armour
 g - a +0 cloak (worn)
 s - a +0 pair of boots (worn)
Magical Staves
 y - an uncursed staff of conjuration
Jewellery
 l - an amulet of reflection (around neck)
 m - a cursed ring of teleportation (left hand)
Wands
 o - a wand of paralysis (15)
 t - a wand of flame (21)
 w - a wand of enslavement (7)
 A - a wand of acid (7)
Scrolls
 h - a scroll of amnesia
 p - a scroll of magic mapping
 q - 7 scrolls of identify
 r - 3 scrolls of enchant armour
 z - 2 scrolls of enchant weapon
Potions
 a - 2 potions of ambrosia
 d - a potion of stabbing
 e - a potion of invisibility
 f - a potion of brilliance
 i - 10 potions of curing
 u - 3 potions of cancellation
 C - a potion of flight
Comestibles
 b - 15 rations
 n - 2 chunks of flesh


   Skills:
 + Level 10.3 Staves
 - Level 1.7 Dodging
 - Level 1.7 Stealth
 - Level 5.0 Spellcasting
 - Level 8.9 Conjurations
 - Level 8.4 Translocations


You had 12 spell levels left.
You knew the following spells:

 Your Spells              Type           Power        Failure   Level  Hunger
a - Magic Dart            Conj           ####         1%          1    None
b - Searing Ray           Conj           #####.       1%          2    #......
c - Iskenderun's Mystic   Conj/Tloc      #####...     3%          4    ####...

Your spell library contained the following spells:

 Spells                   Type           Power        Failure   Level  Hunger
 Shock                    Conj/Air       ###.         1%          1    None
 Dazzling Flash           Conj/Hex       ###...       6%          3    ##.....
 Fulminant Prism          Conj/Hex       ###.......   21%         4    ####...


Dungeon Overview and Level Annotations

Branches:
Dungeon (10/15)            Temple (1/1) D:7             Orc (0/2) D:9
Ossuary (visited)
   Lair: D:8-11

Altars:
Ashenzari
Cheibriados
Dithmenos
Elyvilon
Fedhas
Gozag
Hepliaklqana
Kikubaaqudgha
Makhleb
Nemelex Xobeh
Okawaru
Qazlal
Ru
Sif Muna
Trog
Uskayaw
Vehumet
Wu Jian
Xom
Yredelemnul
Zin
The Shining One

Annotations:
D:2 Natasha


Innate Abilities, Weirdness & Mutations

You can breathe bolts of dispelling energy.
Your rich purple scales are hard. (AC +7)
You cannot fit into any form of body armour.
You are cold-blooded and may be slowed by cold attacks.


Message History

Vehumet accepts your kill.
You feel your power returning.
Okay, then.
Okay, then.
The deep elf mage points at you and mumbles some strange words.
The bolt of cold hits you!!!
Ouch! That really hurt!
* * * LOW HITPOINT WARNING * * *
You feel better.
It was a potion of invisibility.
You fade into invisibility!
The ice beast hits you. The ice beast freezes you!
You feel yourself slow down.
* * * LOW HITPOINT WARNING * * *
You are very lightly contaminated with residual magic.
The deep elf mage points at the ice beast and mumbles some strange words.
The bolt of cold hits the ice beast.
The ice beast completely resists.
You feel yourself speed up. The deep elf mage casts a spell at you.
The bolt of cold hits you!
You die...

### #.. #######..
#########........
>...............>
.................
######.............
#..e.#....######...
#.@Y.#....# #...
###..#..)## #...
#..#..[# #... #
#Ye##.)#######... #'##
#...#.[.......... .....
#...#...#########
.°..°.#†..#...#........
.e....§...#...#........
......'...#...'........


You could see 2 deep elf magi and 2 ice beasts.

Vanquished Creatures
  Maurice (D:7)
  Grinder (D:3)
  A hippogriff (D:7)
  3 hogs (D:7)
  A hungry ghost (D:7)
  7 yaks
  A human (D:7)
  A swamp drake (D:9)
  2 orc warriors (D:9)
  2 black bears
  A necrophage (D:7)
  2 centaurs
  4 ogres
  A big kobold (D:7)
  5 bullfrogs
  A wyvern skeleton (D:9)
  3 scorpions
  3 killer bees (D:8)
  A howler monkey (D:9)
  2 jellies
  A bullfrog zombie (D:7)
  4 crimson imps
  2 hounds
  3 centaur skeletons
  3 centaur zombies (Ossuary)
  8 orc wizards
  2 orc priests
  Crazy Yiuf (D:2)
  A bullfrog skeleton (D:4)
  2 iguanas
  An iron imp (D:9)
  A gnoll shaman (D:4)
  Natasha (twice) (D:2)
  8 worker ants
  Terence (D:3)
  A statue (D:8)
  A big kobold zombie (Ossuary)
  Robin (D:2)
  2 hound skeletons (D:4)
  3 mummies
  A worker ant zombie (D:5)
  A howler monkey skeleton (D:7)
  11 gnolls
  4 adders
  4 shadow imps
  An ooze (D:4)
  3 adder zombies
  3 dart slugs (D:1)
  5 leopard geckos
  37 orcs
  2 giant cockroaches
  15 goblins
  5 hobgoblins
  3 jackals (D:1)
  10 kobolds
  3 quokkas
  A ball python (D:5)
  5 bats
  2 frilled lizards
  A giant cockroach zombie (D:6)
  2 goblin zombies (Ossuary)
  8 hobgoblin zombies (Ossuary)
  2 jackal zombies (Ossuary)
  10 kobold zombies
  10 orc zombies
  2 quokka zombies
  7 rats
  A rat zombie (Ossuary)
250 creatures vanquished.

Vanquished Creatures (collateral kills)
  2 yaks (D:9)
  A water moccasin (D:9)
3 creatures vanquished.

Vanquished Creatures (others)
  An orc priest (D:7)
  An orc wizard (D:9)
  A shadow imp (D:9)
  A white imp (D:9)
  2 orcs (D:9)
6 creatures vanquished.

Grand Total: 259 creatures vanquished

Notes
Turn   | Place    | Note
-------+----------+-------------------------------------------
     0 | D:1      | hawla the Draconian Conjurer began the quest for the Orb.
     0 | D:1      | Reached XP level 1. HP: 14/14 MP: 3/3
   161 | D:1      | Reached XP level 2. HP: 4/20 MP: 0/5
  1096 | D:2      | Reached XP level 3. HP: 26/26 MP: 5/7
  1129 | D:2      | Noticed Robin
  1423 | D:3      | Learned a level 2 spell: Searing Ray
  1689 | D:2      | Killed Robin
  1896 | D:2      | Reached XP level 4. HP: 33/33 MP: 5/10
  1902 | D:2      | Learned a level 4 spell: Iskenderun's Mystic Blast
  1940 | D:2      | Noticed Natasha
  2077 | D:2      | Killed Natasha
  2077 | D:2      | Reached skill level 1 in Translocations
  2181 | D:2      | Noticed Natasha
  2186 | D:2      | Killed Natasha
  2239 | D:2      | Found a runed translucent door.
  2240 | D:2      | Noticed Crazy Yiuf
  2450 | D:2      | Killed Crazy Yiuf
  2450 | D:2      | Reached XP level 5. HP: 31/38 MP: 4/11
  2496 | D:2      | Noticed Natasha
  2588 | D:3      | Noticed Grinder
  2601 | D:3      | Paralysed by Grinder for 6 turns
  2608 | D:3      | Killed Grinder
  2608 | D:3      | Reached XP level 6. HP: 16/45 MP: 0/12
  2962 | D:3      | Reached skill level 5 in Conjurations
  3053 | D:3      | Noticed Terence
  3066 | D:3      | Killed Terence
  3608 | D:4      | Your scales start taking on a rich purple colour.
  3608 | D:4      | Reached skill level 5 in Spellcasting
  3608 | D:4      | Reached XP level 7. HP: 46/50 MP: 1/14
  3884 | D:4      | Reached skill level 5 in Translocations
  4774 | D:5      | Entered Level 5 of the Dungeon
  5140 | D:5      | Noticed a yak
  5150 | D:5      | Noticed a yak
  5151 | D:5      | Noticed a yak
  5151 | D:5      | Noticed a yak
  5152 | D:5      | Noticed a yak
  5157 | D:5      | Killed a yak
  5157 | D:5      | Reached XP level 8. HP: 30/57 MP: 7/15
  5353 | D:5      | HP: 1/57 [yak (24)]
  6413 | D:6      | Found a sand-covered staircase.
  6420 | Ossuary  | Entered an ossuary
  7011 | Ossuary  | Reached XP level 9. HP: 62/62 MP: 8/16
  7857 | D:6      | Identified the cursed +2 mace of the Puffin {vorpal, +Inv
                  | Int+5 Dex+2}
  8081 | D:7      | Found a staircase to the Ecumenical Temple.
  8088 | D:7      | Reached skill level 1 in Staves
  8095 | Temple   | Entered the Ecumenical Temple
  8358 | D:7      | Reached skill level 2 in Staves
  8515 | D:7      | Reached skill level 3 in Staves
  8523 | D:7      | Reached skill level 4 in Staves
  8705 | D:7      | Found a shimmering blue altar of Sif Muna.
  8895 | D:7      | Reached skill level 5 in Staves
  9180 | D:7      | Reached skill level 6 in Staves
  9186 | D:7      | Reached skill level 7 in Staves
  9480 | D:8      | Reached XP level 10. HP: 69/69 MP: 12/17
  9616 | D:8      | Found a blossoming altar of Fedhas.
  9623 | D:8      | Reached skill level 8 in Staves
  9808 | D:8      | Noticed Maurice
  9947 | D:8      | Found an ancient bone altar of Kikubaaqudgha.
 10145 | D:7      | Killed Maurice
 10145 | D:7      | Reached skill level 9 in Staves
 10270 | D:8      | Found a radiant altar of Vehumet.
 10290 | D:8      | Became a worshipper of Vehumet
 11392 | D:10     | Entered Level 10 of the Dungeon
 11411 | D:9      | Reached * piety under Vehumet
 11411 | D:9      | Offered knowledge of Shock by Vehumet.
 11411 | D:9      | Reached skill level 10 in Staves
 11629 | D:9      | Found a staircase to the Orcish Mines.
 11736 | D:9      | Noticed a deep elf mage
 11736 | D:9      | Noticed a deep elf mage
 11760 | D:9      | Killed from afar by a deep elf mage

Illustrated notes

Levels and vault maps discovered:
D:1:      noname_arrival_rooms_in_the_neighbourhood, layout_rooms,
          chequers_garden
D:2:      layout_rooms, uniq_crazy_yiuf_cottage, uniq_natasha, uniq_robin
D:3:      cheibrodos_helix_gallery, layout_basic, first_ration, uniq_terence,
          uniq_grinder
D:4:      layout_loops_corners
D:5:      layout_basic
D:6:      layout_rooms, nicolae_ossuary_entry_giza, kennysheep_generic_room_12
D:7:      layout_cave_pools, nicolae_overflow_crystal_walls, temple_fountains,
          grunt_livestock, chequers_serial_rivers_micro_e
D:8:      layout_layer_cave, fedhas_bush_and_centaur_altar, vehumet_statue,
          lemuel_crystal_altar, uniq_maurice
D:9:      layout_irregular_city, david_orc_2, hangedman_minor_magic
D:10:     layout_rooms, serial_undead, serial_undead_e, serial_undead_c,
          serial_undead_e, serial_undead_b, serial_undead_e, serial_undead_e,
          kennysheep_generic_room_6
Temple:   dpeg_five_rooms_temple

Skill      XL: |  1  2  3  4  5  6  7  8  9 10 |
---------------+-------------------------------+-----
Spellcasting   | 3 4 5 |  5.0
Translocations | 2 3 4 6 8 |  8.4
Conjurations   | 5 6 8 |  8.9
Staves         | 7 10 | 10.3
Dodging        | |  1.7
Stealth        | |  1.7

Action                   |  1- 3 |  4- 6 |  7- 9 | 10-12 || total
-------------------------+-------+-------+-------+-------++-------
Melee: Unarmed           |    60 |       |       |       ||    60
       Tailslap          |    13 |       |    11 |     5 ||    29
       Quarterstaff      |       |     4 |    52 |    32 ||    88
       Staff             |       |       |       |    12 ||    12
 Cast: Magic Dart        |    57 |    19 |    78 |    47 ||   201
       Searing Ray       |     6 |    14 |    86 |    38 ||   144
       Iskenderun's Myst |       |     1 |     8 |    10 ||    19
 Abil: Breathe Dispellin |       |       |     1 |     1 ||     2
Evoke: Wand              |       |       |       |     3 ||     3
  Use: Scroll            |     6 |     3 |     8 |     1 ||    18
       Potion            |     1 |     2 |     2 |     4 ||     9
 Stab: Confused          |       |       |     2 |       ||     2
       Sleeping          |       |       |     1 |       ||     1
       Paralysed         |       |       |       |     2 ||     2
  Eat: Chunk             |     3 |     6 |    10 |     5 ||    24
       Ration            |       |       |     3 |     1 ||     4
Armor: Skin              |    35 |     8 |    34 |    20 ||    97
Dodge: Dodged            |    94 |    11 |    92 |    40 ||   237
Block: Other             |    12 |     7 |    30 |     9 ||    58
       Reflection        |     1 |       |     1 |     1 ||     3
